 Dungeon Crawl Stone Soup version 0.23.2-40-g277498a (webtiles) character file.

Game seed: 16847503794177876243

95 Lorak the Sneak (level 4, -3/21 HPs)
             Began as a Spriggan Conjurer on Oct 6, 2019.
             Killed from afar by an orc wizard (10 damage)
             ... with a puff of flame
             ... on level 3 of the Dungeon.
             The game lasted 00:09:21 (2740 turns).

Lorak the Sneak (Spriggan Conjurer)                 Turns: 2740, Time: 00:09:22

Health: -3/21      AC:  2    Str:  4    XL:     4   Next: 39%
Magic:  0/10       EV: 18    Int: 16    God:
Gold:   88         SH:  5    Dex: 17    Spells: 5/9 levels left

rFire    . . .     SeeInvis +   g - +1 dagger (pain)
rCold    . . .     Gourm    .   o - +0 buckler (curse)
rNeg     . . .     Faith    .   a - +0 robe
rPois    .         Spirit   .   (helmet restricted)
rElec    .         Reflect  .   (no cloak)
rCorr    .         Harm     .   (gloves unavailable)
MR       .....                  (boots unavailable)
Stlth    +++.......             (no amulet)
HPRegen  0.07/turn              (no ring)
MPRegen  0.12/turn              (no ring)

@: very slightly contaminated, drained, very quick
A: very small, unfitting armour, see invisible, herbivore, speed 3, slow
metabolism 2
a: no special abilities


You were on level 3 of the Dungeon.
You were not hungry.

You visited 1 branch of the dungeon, and saw 3 of its levels.

You collected 88 gold pieces.

Inventory:

Hand Weapons
 g - a +1 dagger of pain (weapon)
Armour
 a - a +0 robe (worn)
 n - a +0 pair of boots
 o - a cursed +0 buckler (worn)
Scrolls
 b - a scroll of remove curse {unknown}
 d - 3 scrolls of teleportation {unknown}
 h - 3 scrolls of identify {unknown}
 i - 2 scrolls of noise {unknown}
 l - a scroll of random uselessness {unknown}
 p - a scroll of enchant weapon {unknown}
Potions
 e - a potion of flight {unknown}
 f - a potion of mutation {unknown}
 j - a potion of lignification {unknown}
 k - a potion of heal wounds {unknown}
 m - a potion of degeneration {unknown}
Comestibles
 c - 5 rations


   Skills:
 + Level 0.7(0.1) Fighting
 * Level 1.1(0.4) Short Blades
 * Level 4.3(3.5) Dodging
 * Level 4.4(3.6) Stealth
 + Level 0.1(0.0) Shields
 + Level 3.4(2.7) Spellcasting
 + Level 3.0(2.3) Conjurations
 + Level 0.5(0.0) Hexes


You had 5 spell levels left.
You knew the following spells:

 Your Spells              Type           Power        Failure   Level  Hunger
a - Magic Dart            Conj           #...         12%         1    #......
b - Dazzling Spray        Conj/Hex       #.....       52%         3    ###....

Your spell library contained the following spells:

 Spells                   Type           Power        Failure   Level  Hunger
 Searing Ray              Conj           #.....       19%         2    ##.....
 Iskenderun's Mystic Bla  Conj           #.......     77%         4    #####..
 Force Lance              Conj/Tloc      #.......     89%         4    #####..
 Fulminant Prism          Conj/Hex       #.........   89%         4    #####..


Dungeon Overview and Level Annotations

Branches:
Dungeon (3/15)

Altars:


Innate Abilities, Weirdness & Mutations

You are very small and have problems with some larger weapons.
You are too small for most types of armour.
You have supernaturally acute eyesight. (SInv)
You are a herbivore.
You cover ground extremely quickly.
You need to consume almost no food.


Message History

The orc wizard barely misses you.
Casting: Magic Dart (safe; 10% risk of failure)
Confirm with . or Enter, or press ? or * to list all spells.
Aiming: Magic Dart (safe; 10% risk of failure)
Press: ? - help, Shift-Dir - straight line, f/p - orc wizard
Aim: an orc wizard, wielding a +1 dagger of draining and wearing a +0 robe (severely wounded)
The magic dart hits the orc wizard but does no damage.
The orc wizard is severely wounded.
The orc wizard closely misses you.
You hit the orc wizard but do no damage.
The orc wizard is severely wounded.
The orc wizard hits you with a +1 dagger of draining.
You feel drained.
You hit the orc wizard.
The orc wizard is severely wounded.
The orc wizard hits you with a +1 dagger of draining.
You feel drained. The orc wizard casts a spell at you.
The puff of flame hits you!
You die...

#.######
#...[..#
#o# #.#
#@# #.#
#.# #.#
#.# #.#
#.# #.#
#####.#


You could see an orc wizard.

Vanquished Creatures
  4 adders (D:2)
  3 dart slugs
  A leopard gecko (D:1)
  3 orcs (D:3)
  3 giant cockroaches
  6 goblins
  7 hobgoblins
  2 ball pythons (D:2)
  9 bats
  2 frilled lizards
  5 kobolds
  4 rats
49 creatures vanquished.

Notes
Turn   | Place    | Note
-------+----------+-------------------------------------------
     0 | D:1      | Lorak the Spriggan Conjurer began the quest for the Orb.
     0 | D:1      | Reached XP level 1. HP: 9/9 MP: 5/5
   205 | D:1      | Reached XP level 2. HP: 13/13 MP: 3/6
   806 | D:1      | Reached XP level 3. HP: 17/17 MP: 8/8
  1159 | D:1      | Learned a level 3 spell: Dazzling Spray
  1404 | D:2      | Found a faded altar of an unknown god.
  1602 | D:2      | Noticed a scorpion
  1832 | D:2      | Reached skill level 1 in Short Blades
  1832 | D:2      | Reached XP level 4. HP: 21/21 MP: 3/9
  2740 | D:3      | Killed from afar by an orc wizard

Skill      XL: |  1  2  3 |
---------------+----------+-----
Conjurations   | 3 |  3.0
Spellcasting   | 3 |  3.4
Stealth        | 4 |  4.4
Dodging        | 4 |  4.3
Short Blades   | 1 |  1.1
Fighting       | |  0.7
Shields        | |  0.1
Hexes          | |  0.5

Action                   |  1- 3 |  4- 6 || total
-------------------------+-------+-------++-------
Melee: Dagger            |    61 |    26 ||    87
 Cast: Magic Dart        |    71 |    43 ||   114
 Stab: Sleeping          |     5 |       ||     5
Armor: Robe              |     6 |     1 ||     7
Dodge: Dodged            |    55 |    21 ||    76
Block: Buckler           |     2 |     6 ||     8
